 Dungeon Crawl Stone Soup version 0.19.0-11-g3fc08b3 (webtiles) character file.

170007 Patate the Warrior (level 17, -8/252 HPs)
             Began as a Minotaur Berserker on Nov 6, 2016.
             Was a Priest of Trog.
             Mangled by a redback (9 damage)
             ... summoned by a deep elf mage
             ... on level 1 of the Elven Halls on Nov 9, 2016.
             The game lasted 03:03:47 (39130 turns).

Patate the Warrior (Minotaur Berserker)            Turns: 39130, Time: 03:03:48

Health: -8/252     AC: 15    Str: 35    XL:     17   Next: 36%
Magic:  7/7        EV: 13    Int:  4    God:    Trog [***...]
Gold:   2323       SH:  0    Dex:  9    Spells: 0 memorised, 16 levels left

rFire  . . .     SeeInvis .     a - +2 bardiche (antimagic)
rCold  . . .     Gourm    .     Q - +0 swamp dragon scales
rNeg   + . .     Faith    .     (shield currently unavailable)
rPois  +         Spirit   .     X - +0 hat
rElec  .         Reflect  .     E - +0 cloak
rCorr  .         Harm     .     d - +0 pair of gloves
MR     ++...                    A - +0 pair of boots
Stlth  ..........               l - amulet of regeneration
                                q - ring of protection from magic
                                z - ring of positive energy

@: berserking (expiring), lethally poisoned (-8 -> -10), very slightly
contaminated, hasted, very heavily drained, very quick
A: retaliatory headbutt, horns 2, sturdy frame 1
a: Berserk, Trog's Hand, Burn Spellbooks, Renounce Religion


You were on level 1 of the Elven Halls.
You worshipped Trog.
Trog was most pleased with you.
You were near starving.

You visited 8 branches of the dungeon, and saw 33 of its levels.

You collected 2859 gold pieces.
You spent 536 gold pieces at shops.

Inventory:

Hand Weapons
 a - a +2 antimagic bardiche (weapon)
 b - a +3 hand crossbow of flaming
 J - the +7 trident of Abiunayr {pierce, MR+}
   (You found it on level 6 of the Dungeon)

   It inflicts extra damage upon your enemies.
   It affects your resistance to hostile enchantments.
 K - the +1 trident "Purhi" {pierce, rElec rC+ MP-9 Dex+8}
   (You found it on level 9 of the Dungeon)

   It inflicts extra damage upon your enemies.
   It affects your dexterity (+8).
   It protects you from cold.
   It insulates you from electricity.
   It affects your magic capacity (-9).
 R - the +10 trident "Ehehiz" {speed, *Rage rPois MR+}
   (You took it off a centaur on level 14 of the Dungeon)

   Attacks with this weapon are significantly faster.
   It protects you from poison.
   It affects your resistance to hostile enchantments.
   It may make you go berserk in combat.
Missiles
 V - 241 bolts
Armour
 d - a +0 pair of gloves (worn)
 x - a +0 plate armour
 A - a +0 pair of boots (worn)
 E - a +0 cloak (worn)
 Q - +0 swamp dragon scales (worn)
 X - a +0 hat (worn)
Jewellery
 l - an amulet of regeneration (around neck)
 q - a ring of protection from magic (right hand)
 r - an uncursed amulet of guardian spirit
 u - an uncursed ring of protection from fire
 z - a ring of positive energy (left hand)
 S - an uncursed ring of protection from fire
 T - an uncursed ring of see invisible
Wands
 P - a wand of hasting (3/9)
 Y - a wand of digging (10/24)
Scrolls
 j - 4 scrolls of teleportation
 m - 2 scrolls of enchant weapon
 p - 3 scrolls of fog
 s - a scroll of summoning
 v - 4 scrolls of fear
 y - 3 scrolls of magic mapping
 B - 3 scrolls of immolation
 D - 3 scrolls of enchant armour
 F - 8 scrolls of remove curse
 H - 5 scrolls of recharging
 I - 4 scrolls of identify
Potions
 f - 4 potions of agility
 g - 2 potions of haste
 h - 4 potions of curing
 t - 6 potions of might
 C - a potion of resistance
 G - 3 potions of flight
 M - 2 potions of ambrosia
 N - 3 potions of invisibility
Miscellaneous
 n - a lamp of fire
Comestibles
 c - 8 bread rations
 i - 18 meat rations
 k - 7 beef jerkies
 w - 15 royal jellies
 O - 12 fruits


   Skills:
 - Level 19.4(14.0) Fighting
   Level 12.9(10.8) Axes
 + Level 15.5(12.0) Polearms
 - Level 9.2(4.9) Crossbows
 - Level 16.9(11.7) Armour
 - Level 9.0(4.7) Dodging
 - Level 9.3(5.0) Evocations


You had 16 spell levels left.
You didn't know any spells.

Dungeon Overview and Level Annotations

Branches:
Dungeon (15/15)            Temple (1/1) D:5            Lair (6/6) D:11
  Swamp (4/4) Lair:2       Spider (2/4) Lair:3        Slime (2/5) Lair:6
    Orc (2/2) D:9             Elf (1/3) Orc:2        Vaults (0/5) D:14
 Depths (0/5) D:15

Altars:
Ashenzari
Cheibriados
Dithmenos
Elyvilon
Fedhas
Gozag
Hepliaklqana
Kikubaaqudgha
Makhleb
Nemelex Xobeh
Okawaru
Qazlal
Ru
Sif Muna
Trog
Uskayaw
Vehumet
Xom
Yredelemnul
Zin
The Shining One
Beogh
Jiyva

Shops:
D:4 =   D:15 !   Orc:2 [(:(

Annotations:
D:4 anneau rc ou mr
D:6 exclusion: oklob plant
Lair:6 1 runed door


Innate Abilities, Weirdness & Mutations

You reflexively headbutt those who attack you in melee.
You have a pair of horns on your head.
Your movements are slightly less encumbered by armour. (ER -2)


Message History

* * * LOW HITPOINT WARNING * * *
The orb of energy explodes!
You slice the deep elf mage!!
You kill the deep elf mage!
Trog accepts your kill.
Trog appreciates your killing of a magic user.
You feel sick.
The battlesphere dissipates.
The deep elf mage casts a spell.
You barely miss the redback. Your headbutt misses the redback.
You feel sick. The redback barely misses you.
You miss the redback.
You feel sick. The redback bites you.
* * * LOW HITPOINT WARNING * * *
The deep elf mage casts a spell.
The deep elf mage blinks!
The redback bites you.
* * * LOW HITPOINT WARNING * * *
You closely miss the redback. You headbutt the redback!
The redback is heavily wounded.
* * * LOW HITPOINT WARNING * * *
You feel sick. The redback bites you!
You die...

#.......# # #.......#
#......[# #.⌠...### #.....#
#....... ####'#### +.......
#§s.'## #....... ##s##.##
#...... #@###.## ###....
### ##.###.### ####
##'.....### ###...###
#....)....# #.......#
#.[.......'.'
#.......#######.........###
#.......'..)..'.........#
#.......#######.........#
#.......# ###.....###


You could see 2 redbacks.

Vanquished Creatures
  Asterion (Elf:1)
  Kirke (Lair:3)
  4 thorn hunters
  An azure jelly (Slime:1)
  An emperor scorpion (Spider:1)
  Louise (D:14)
  An orc warlord (D:9)
  A juggernaut skeleton (D:15)
  Azrael (Orc:2)
  Snorg (Lair:3)
  Erolcha (D:9)
  11 hydras
  Harold (Orc:1)
  3 ghost crabs
  3 centaur warriors
  2 dancing weapons (Elf:1)
  9 alligators
  12 death yaks
  7 skeletal warriors
  A golden dragon zombie (D:15)
  A spriggan druid (Swamp:3)
  A swamp dragon (Swamp:2)
  An unseen horror (D:13)
  3 lindwurms
  A wolf spider zombie (D:15)
  A phantasmal warrior (D:15)
  4 hill giants
  An orc knight (Orc:2)
  3 ugly things
  5 necromancers
  3 orb spiders (Spider:1)
  10 deep elf magi
  An orc sorcerer (Orc:1)
  5 wolf spiders
  A cyclops (D:13)
  A moth of wrath (Spider:1)
  A fire giant skeleton (D:15)
  3 elephants (Lair:4)
  2 centaur zombies
  A manticore (D:12)
  7 black mambas
  3 gargoyles (D:14)
  21 spiny frogs
  8 komodo dragons
  6 torpor snails (Lair:6)
  2 kobold demonologists
  5 rime drakes
  2 yaktaurs (D:14)
  A demonic crawler (Spider:1)
  4 trolls
  A yaktaur skeleton (D:15)
  4 jumping spiders (Spider:1)
  A two-headed ogre (D:15)
  8 tyrant leeches
  3 raiju (Lair:6)
  A troll (shapeshifter) (Elf:1)
  10 polar bears
  6 bog bodies
  Prince Ribbit (D:7)
  34 slime creatures
  18 hornets
  8 blink frogs
  6 hippogriffs
  7 dream sheep
  22 redbacks
  Sigmund (D:6)
  A shadow (D:14)
  A redback (shapeshifter) (D:11)
  7 tarantellas (Spider:1)
  A wraith (D:15)
  4 wyverns
  7 spriggans
  20 yaks
  2 golden eyes (Slime:1)
  3 basilisks
  5 hungry ghosts
  2 fire elementals (Orc:2)
  3 hogs (Lair:3)
  18 vampire mosquitoes
  6 insubstantial wisps (Swamp:3)
  2 large abominations (Elf:1)
  9 wargs
  24 swamp worms
  2 mottled dragons (D:14)
  A soldier ant (D:13)
  5 porcupines
  Duvessa (D:6)
  23 water moccasins
  9 hell hounds
  15 black bears
  38 orc warriors
  5 sky beasts
  11 ice beasts
  A phantom (D:9)
  9 swamp drakes
  4 necrophages
  16 wolves
  16 centaurs
  10 ogres
  18 crocodiles
  An elf zombie (Elf:1)
  The ghost of miloradov the Conjurer, an amateur HECj (D:5)
  6 big kobolds
  18 bullfrogs
  Dowan (D:6)
  A wyvern skeleton (D:13)
  6 scorpions
  6 wights
  3 electric eels
  6 howler monkeys
  8 crimson imps
  4 bullfrog zombies
  7 jellies
  Crazy Yiuf (D:7)
  17 orc priests
  4 bullfrog skeletons
  28 hounds
  30 orc wizards
  7 iguanas
  Jessica (D:3)
  3 centaur skeletons
  8 worker ants
  3 killer bee zombies
  A hound skeleton (D:6)
  2 mummies (D:12)
  2 worker ant zombies (D:10)
  28 adders
  4 gnolls (D:6)
  5 shadow imps
  An ooze (D:1)
  2 adder zombies
  3 worms
  3 dart slugs (D:2)
  2 leopard geckos
  86 orcs
  4 giant cockroaches
  10 goblins
  6 hobgoblins
  10 jackals
  6 quokkas
  A ball python (D:2)
  9 bats
  3 frilled lizards
  A jackal skeleton (D:4)
  12 kobolds
  3 rats
  A fungus (Lair:4)
  A plant (Lair:6)
977 creatures vanquished.

Vanquished Creatures (collateral kills)
  An acid blob (Slime:1)
  Aizul (Swamp:1)
  An orc warlord (Orc:2)
  An entropy weaver (Spider:1)
  A deep elf death mage (Elf:1)
  4 hydras
  A yaktaur captain (D:14)
  4 death yaks (Lair:6)
  A manticore (Lair:4)
  A wolf spider (Spider:1)
  2 rime drakes (Lair:4)
  A komodo dragon (Lair:5)
  A demonic crawler (Spider:1)
  A tyrant leech (Swamp:2)
  4 hippogriffs (Lair:4)
  5 blink frogs (Lair:4)
  A redback (Spider:1)
  2 wyverns (Lair:4)
  A basilisk (Lair:4)
  3 yaks (Lair:4)
  A hell hound (Lair:4)
  A porcupine (Lair:5)
  An orc warrior (Orc:2)
  2 centaurs (D:14)
  A hound (D:9)
  2 orc priests (Orc:2)
  2 orcs (Orc:2)
47 creatures vanquished.

Vanquished Creatures (others)
  A dancing weapon (Elf:1)
  3 humans (Spider:1)
  A swamp worm (Swamp:4)
  2 fungi
  11 plants (Lair:6)
18 creatures vanquished.

Grand Total: 1042 creatures vanquished

Notes
Turn   | Place    | Note
-------+----------+-------------------------------------------
     0 | D:1      | Patate the Minotaur Berserker began the quest for the Orb.
     0 | D:1      | Reached XP level 1. HP: 19/19 MP: 0/0
   136 | D:1      | Reached XP level 2. HP: 19/27 MP: 1/1
   789 | D:1      | Reached skill level 4 in Fighting
   989 | D:2      | Reached XP level 3. HP: 33/33 MP: 2/2
  1229 | D:2      | Reached XP level 4. HP: 40/40 MP: 3/3
  1232 | D:2      | Reached skill level 11 in Fighting
  1232 | D:2      | Reached XP level 5. HP: 61/61 MP: 4/4
  1319 | D:2      | Reached ** piety under Trog
  2201 | D:3      | Found a sparkling altar of Nemelex Xobeh.
  2201 | D:3      | Noticed Jessica
  2204 | D:3      | Killed Jessica
  3023 | D:4      | Reached XP level 6. HP: 68/68 MP: 5/5
  3423 | D:4      | Found Opekh's Jewellery Shop.
  3436 | D:3      | Found a snail-covered altar of Cheibriados.
  3893 | D:5      | Entered Level 5 of the Dungeon
  3928 | D:5      | Reached XP level 7. HP: 49/74 MP: 6/6
  4065 | D:5      | Noticed miloradov's ghost (amateur HECj)
  4198 | D:5      | Reached *** piety under Trog
  4248 | D:5      | Killed miloradov's ghost
  4248 | D:5      | Reached skill level 5 in Armour
  4431 | D:5      | You fall through a shaft for 3 floors!
  4458 | D:7      | Noticed a wyvern
  4727 | D:7      | Killed a wyvern
  4766 | D:7      | Reached XP level 8. HP: 77/82 MP: 7/7
  5140 | D:6      | Noticed Sigmund
  5343 | D:6      | Found a basalt altar of Yredelemnul.
  5344 | D:6      | Noticed an oklob plant
  5677 | D:6      | Noticed Duvessa
  5677 | D:6      | Noticed Dowan
  5689 | D:6      | Killed Duvessa
  6157 | D:5      | Found a staircase to the Ecumenical Temple.
  6163 | Temple   | Entered the Ecumenical Temple
  6659 | D:6      | Got an ichor-stained trident
  6660 | D:6      | Identified the +7 trident of Abiunayr {pierce, MR+} (You found it on level 6 of the Dungeon)
  6767 | D:6      | Killed Sigmund
  6767 | D:6      | Reached XP level 9. HP: 77/89 MP: 8/8
  6932 | D:6      | Killed Dowan
  6983 | D:6      | Reached **** piety under Trog
  7176 | D:7      | Noticed Prince Ribbit
  7406 | D:7      | Killed Prince Ribbit
  7621 | D:7      | Found a runed door.
  7625 | D:7      | Noticed Crazy Yiuf
  7631 | D:7      | Killed Crazy Yiuf
  8002 | D:8      | You fall through a shaft!
  8016 | D:9      | Found a staircase to the Orcish Mines.
  8087 | D:9      | Noticed Erolcha
  8103 | D:9      | Reached skill level 10 in Armour
  8119 | D:9      | Killed Erolcha
  8119 | D:9      | Reached XP level 10. HP: 32/96 MP: 9/9
  9046 | D:9      | Got a faintly glowing trident
  9476 | D:10     | Entered Level 10 of the Dungeon
  9476 | D:10     | Found a burning altar of Makhleb.
  9977 | D:10     | Reached skill level 12 in Fighting
 10318 | D:10     | Noticed a two-headed hydra
 10325 | D:10     | Killed a two-headed hydra
 10325 | D:10     | Reached XP level 11. HP: 94/105 MP: 10/10
 10693 | D:10     | Noticed a cacodemon
 10747 | D:11     | Reached ***** piety under Trog
 10748 | D:11     | Found a stormy altar of Qazlal.
 10827 | D:11     | Reached skill level 1 in Polearms
 11183 | D:11     | Found a staircase to the Lair.
 11601 | Lair:1   | Entered Level 1 of the Lair of Beasts
 11724 | Lair:1   | Found a stormy altar of Qazlal.
 12310 | Lair:2   | Reached skill level 13 in Fighting
 12310 | Lair:2   | Reached skill level 5 in Polearms
 12436 | Lair:2   | Upgraded the game from 0.19.0-2-gae57169 to 0.19.0-9-gfd783f2
 12442 | Lair:2   | Noticed a four-headed hydra
 12456 | Lair:2   | Killed a four-headed hydra
 12532 | Lair:2   | Identified the +1 trident "Purhi" {pierce, rElec rC+ MP-9 Dex+8} (You found it on level 9 of the Dungeon)
 12552 | Lair:2   | Noticed a five-headed hydra
 12557 | Lair:2   | Killed a five-headed hydra
 12852 | Lair:2   | Found a staircase to the Swamp.
 13397 | Lair:2   | Received a gift from Trog
 13522 | Lair:2   | Reached XP level 12. HP: 116/116 MP: 11/11
 13704 | Lair:3   | Reached skill level 15 in Armour
 13704 | Lair:3   | Reached XP level 13. HP: 119/123 MP: 12/12
 13954 | Lair:3   | Reached skill level 14 in Fighting
 13971 | Lair:3   | Found a hole to the Spider Nest.
 14099 | Lair:3   | Noticed Snorg
 14115 | Lair:3   | Killed Snorg
 14115 | Lair:3   | Reached skill level 10 in Polearms
 15004 | Lair:4   | Found a frozen archway.
 15009 | Lair:4   | Received a gift from Trog
 15464 | Lair:4   | Reached skill level 15 in Fighting
 16082 | Lair:4   | Reached skill level 5 in Dodging
 16477 | Lair:5   | Reached XP level 14. HP: 76/135 MP: 13/13
 17498 | Lair:6   | Entered Level 6 of the Lair of Beasts
 17516 | Lair:6   | Found a staircase to the Slime Pits.
 17635 | Lair:6   | Reached skill level 1 in Evocations
 17912 | Lair:6   | Found a runed door.
 18176 | Lair:6   | Paralysed by a hornet for 3 turns
 18185 | Lair:6   | Paralysed by a hornet for 1 turns
 18187 | Lair:6   | Paralysed by a hornet for 1 turns
 18195 | Lair:6   | Reached skill level 5 in Evocations
 18491 | Lair:6   | Found a viscous altar of Jiyva.
 18689 | Lair:6   | Received a gift from Trog
 19445 | Orc:1    | Entered Level 1 of the Orcish Mines
 19493 | Orc:1    | Noticed an orc warlord
 19583 | D:9      | Killed an orc warlord
 19583 | D:9      | Reached XP level 15. HP: 100/141 MP: 20/20
 19764 | Orc:2    | Entered Level 2 of the Orcish Mines
 19824 | Orc:2    | Found a roughly hewn altar of Beogh.
 19824 | Orc:2    | Found Sacwiaxuu's Book Boutique.
 20310 | Orc:2    | Reached ****** piety under Trog
 20355 | Orc:1    | Noticed Harold
 20365 | Orc:1    | Killed Harold
 20365 | Orc:1    | Received a gift from Trog
 20506 | Orc:2    | Found a roughly hewn altar of Beogh.
 20536 | Orc:2    | Found a roughly hewn altar of Beogh.
 20556 | Orc:2    | Found Reemeic's Weapon Shop.
 20561 | Orc:2    | Bought a +2 hand crossbow of flaming for 256 gold pieces
 20695 | Orc:2    | Found a roughly hewn altar of Beogh.
 20815 | Orc:2    | Reached skill level 1 in Crossbows
 20838 | Orc:2    | Noticed Azrael
 20872 | Orc:2    | Killed Azrael
 20957 | Orc:2    | Noticed an orc warlord
 20999 | Orc:2    | Killed an orc warlord
 21153 | Orc:2    | Received a gift from Trog
 21284 | Orc:2    | Found a roughly hewn altar of Beogh.
 21284 | Orc:2    | Found Ipnunec's Antique Armour Shop.
 21287 | Orc:2    | Found Paschuar's Antique Weapon Boutique.
 21293 | Orc:2    | Upgraded the game from 0.19.0-9-gfd783f2 to 0.19.0-11-g3fc08b3
 21474 | Orc:2    | Found a staircase to the Elven Halls.
 21610 | Orc:2    | Found a roughly hewn altar of Beogh.
 21896 | Lair:2   | Reached skill level 5 in Crossbows
 21960 | Swamp:1  | Entered Level 1 of the Swamp
 22370 | Swamp:1  | Received a gift from Trog
 22956 | Swamp:2  | Noticed Aizul
 23510 | Swamp:1  | HP: 2/141 [poisoned by Aizul (bolt of poison)]
 24784 | Swamp:2  | Noticed a thorn hunter
 24794 | Swamp:2  | Killed a thorn hunter
 25074 | Swamp:3  | Received a gift from Trog
 25730 | Swamp:3  | Got an ancient bone amulet
 25843 | Swamp:3  | Noticed a thorn hunter
 25854 | Swamp:3  | Killed a thorn hunter
 26037 | Spider:1 | Entered Level 1 of the Spider Nest
 26037 | Spider:1 | Noticed Kirke
 26083 | Lair:3   | Killed Kirke
 26493 | Spider:1 | Identified the amulet "Fisudo" {Spirit MR- Str+3 Int+5} (You found it on level 3 of the Swamp)
 27291 | Spider:1 | Reached XP level 16. HP: 137/150 MP: 21/21
 27813 | Spider:1 | Received a gift from Trog
 28383 | Lair:3   | Gained mutation: Your movements are slightly less encumbered by armour. (ER -2) [potion of beneficial mutation]
 28514 | Swamp:1  | Killed Aizul
 28635 | Swamp:1  | Received a gift from Trog
 29037 | Swamp:3  | Reached skill level 16 in Fighting
 29418 | Swamp:4  | Entered Level 4 of the Swamp
 29431 | Swamp:4  | Noticed a thorn hunter
 29445 | Swamp:4  | Killed a thorn hunter
 29488 | Swamp:4  | Noticed a thorn hunter
 29507 | Swamp:4  | Killed a thorn hunter
 31716 | D:13     | Received a gift from Trog
 32094 | D:13     | Reached skill level 17 in Fighting
 32594 | D:13     | Received a gift from Trog
 32807 | D:14     | Received a gift from Trog
 32853 | D:14     | Noticed Louise
 32887 | D:14     | Killed Louise
 32905 | D:14     | Reached skill level 18 in Fighting
 32931 | D:14     | Got a smoking trident {speed}
 33021 | D:14     | Identified the +10 trident "Ehehiz" {speed, *Rage rPois MR+} (You took it off a centaur on level 14 of the Dungeon)
 33217 | D:14     | Found a gate to the Vaults.
 33537 | D:15     | Entered Level 15 of the Dungeon
 33592 | D:15     | Received a gift from Trog
 33622 | D:15     | Found a staircase to the Depths.
 34046 | D:15     | Found a white marble altar of Elyvilon.
 34397 | D:15     | Found Copei's Distillery.
 34493 | D:15     | Bought a potion of heal wounds for 70 gold pieces
 34493 | D:15     | Bought a potion of heal wounds for 70 gold pieces
 34493 | D:15     | Bought a potion of heal wounds for 70 gold pieces
 34493 | D:15     | Bought a potion of heal wounds for 70 gold pieces
 34702 | Slime:1  | Entered Level 1 of the Pits of Slime
 34866 | Slime:1  | Reached skill level 19 in Fighting
 34913 | Slime:1  | Reached XP level 17. HP: 77/168 MP: 22/22
 35386 | Slime:2  | Noticed an acid blob
 35393 | Slime:2  | Noticed an acid blob
 35411 | Slime:1  | Killed an acid blob
 35742 | Swamp:2  | Received a gift from Trog
 37200 | Elf:1    | Entered Level 1 of the Elven Halls
 37231 | Elf:1    | Received a gift from Trog
 38349 | Elf:1    | Noticed Asterion
 38364 | Elf:1    | Killed Asterion
 38364 | Elf:1    | Reached skill level 15 in Polearms
 39127 | Elf:1    | HP: 12/252 [poisoned by a redback]
 39129 | Elf:1    | HP: 5/252 [redback[a deep elf mage] (6)]
 39129 | Elf:1    | HP: 2/252 [redback[a deep elf mage] (3)]
 39130 | Elf:1    | Mangled by a redback

Skill      XL: |  1  2  3  4  5  6  7  8  9 10 11 12 13 14 15 16 17 |
---------------+----------------------------------------------------+-----
Axes           | 4 12 | 12.9
Fighting       | 4 11 12 13 15 19 | 19.4
Armour         | 3 4 5 8 11 12 15 16 | 16.9
Polearms       | 8 9 12 13 14 15 | 15.5
Dodging        | 6 9 |  9.0
Evocations     | 9 |  9.3
Crossbows      | 9 |  9.2

Action                   |  1- 3 |  4- 6 |  7- 9 | 10-12 | 13-15 | 16-18 || total
-------------------------+-------+-------+-------+-------+-------+-------++-------
Melee: Hand axe          |    48 |   133 |   177 |       |       |       ||   358
       Headbutt          |    10 |    21 |    59 |    83 |   342 |   210 ||   725
       Trident           |       |       |   136 |   462 |  1559 |   689 ||  2846
       Bardiche          |       |       |       |       |       |   186 ||   186
 Fire: Hand crossbow     |       |       |       |       |   112 |   163 ||   275
Invok: Trog's Hand       |       |     1 |     6 |     2 |     9 |    11 ||    29
       Berserk           |       |       |     2 |     1 |       |     4 ||     7
       Burn Spellbooks   |       |       |     1 |       |     4 |     4 ||     9
       Brothers in Arms  |       |       |       |     2 |    14 |     8 ||    24
Evoke: Wand              |       |       |       |       |       |     2 ||     2
  Use: Scroll            |     2 |     8 |     7 |     8 |    13 |     8 ||    46
       Potion            |     1 |     1 |       |     2 |     8 |    12 ||    24
 Stab: Sleeping          |     1 |       |       |       |       |       ||     1
       Distracted        |       |       |       |       |     1 |       ||     1
       Held in net/web   |       |       |       |       |     1 |       ||     1
  Eat: Chunk             |     1 |     8 |    14 |    25 |    42 |    31 ||   121
       Pizza             |       |       |     2 |     1 |     2 |     4 ||     9
       Fruit             |       |       |       |       |    10 |    15 ||    25
Armor: Animal skin       |     9 |     1 |       |       |       |       ||    10
       Ring mail         |       |    29 |    83 |    17 |       |       ||   129
       Plate armour      |       |       |       |   264 |   632 |     1 ||   897
       Swamp dragon scal |       |       |       |       |   124 |   478 ||   602
Dodge: Dodged            |    30 |    46 |   120 |   164 |   787 |   668 ||  1815
